 Dungeon Crawl Stone Soup version 0.32-a0-913-g739538afd8 (webtiles) character file.

Game seed: 17958624324601613249

51 McSplat the Grave Robber (level 3, -7/24 HPs)
             Began as a Demonspawn Necromancer on Apr 9, 2024.
             Mangled by a gnoll
             ... wielding a +1 flail of protection
              (10 damage)
             ... on level 2 of the Dungeon.
             The game lasted 00:04:36 (1790 turns).

McSplat the Grave Robber (Demonspawn Necromancer)   Turns: 1790, Time: 00:04:37

Health: -7/24      AC:  2    Str:  8    XL:     3   Next: 58%
Magic:  1/7        EV: 11    Int: 17    God:
Gold:   79         SH:  0    Dex: 13    Spells: 1/7 levels left

rFire   . . .        a - +0 spear
rCold   . . .        (no shield)
rNeg    . . .        h - +0 robe
rPois   .            (no helmet)
rElec   .            (no cloak)
rCorr   .            (no gloves)
SInv    .            (no boots)
Will    .....        (no amulet)
Stlth   ++           (no ring)
HPRegen 0.24/turn    (no ring)
MPRegen 0.10/turn

%: no passive effects
@: invisible
A: powered by death 1
a: no special abilities


You were on level 2 of the Dungeon.
You visited 1 branch of the dungeon, and saw 2 of its levels.

You collected 79 gold pieces.

Inventory:

Hand Weapons
 a - a +0 spear (weapon)
 b - a +2 short sword of flaming
Armour
 d - a +0 ring mail
 h - a +0 robe (worn)
Scrolls
 e - a scroll of teleportation {unknown}
 g - a scroll of noise {unknown}
 i - a scroll of identify {unknown}
Potions
 c - a potion of invisibility
 f - a potion of haste {unknown}


   Skills:
 + Level 0.9 Polearms
 - Level 1.7 Dodging
 - Level 1.7 Stealth
 + Level 2.7 Spellcasting
 + Level 4.9 Necromancy
 + Level 0.3 Air Magic
 + Level 0.5 Alchemy


You had one spell level left.
You knew the following spells:

 Your Spells              Type           Power      Damage    Failure   Level
a - Necrotise             Necr           76%        1d7       2%          1
b - Cigotuvi's Dreadful   Necr/Alch/Air  16%        N/A       12%         2
c - Vampiric Draining     Necr           19%        2d7       7%          3

Your spell library contained the following spells:

 Spells                   Type           Power      Damage    Failure   Level
 Animate Dead             Necr           19%        N/A       22%         4
 Dispel Undead            Necr           19%        3d11      22%         4
 Teleport Other           Tloc           2%         N/A       47%         3
 Martyr's Knell           Necr/Summ      10%        N/A       54%         4
 Curse of Agony           Necr           19%        N/A       54%         5
 Dispersal                Tloc           1%         N/A       100%        6
 Gell's Gavotte           Tloc           1%         2d(11-17) 100%        6


Dungeon Overview and Level Annotations

Branches:
Dungeon (2/15)

Altars:


Innate Abilities, Weirdness & Mutations

You regenerate a little health from kills.


Message History

Casting: Necrotise (safe; 2% risk of failure)
Confirm with . or Enter, or press ? or * to list all spells.
Aiming: Necrotise (safe; 2% risk of failure)
Press: ? - help, Shift-Dir - straight line, f/p - gnoll
Aim: a gnoll, wielding a +0 spear (heavily wounded, ally target, chance to affect: 84%)
The gnoll writhes in agony.
Your rat skeleton closely misses the gnoll.
Your ball python skeleton closely misses the gnoll.
The gnoll misses you.
The gnoll hits you from afar with a +0 spear.
Press: ? - help, v - describe, . - travel
Here: a gnoll, wielding a +1 flail of protection (moderately wounded)
The floor.
Unknown command.
You aren't carrying any items that you can evoke.
Unknown command.
Unknown command.
Unknown command.
Okay, then.
Okay, then.
You hit the gnoll.
The gnoll is severely wounded.
Your ball python skeleton bites the gnoll but does no damage.
Your ball python skeleton barely misses the gnoll.
The gnoll closely misses you. The gnoll barely misses you.
Your rat skeleton closely misses the gnoll.
You barely miss the gnoll.
The gnoll is severely wounded.
The gnoll hits you from afar with a +0 spear!
The gnoll hits you with a +1 flail of protection.
* * * LOW HITPOINT WARNING * * *
Your ball python skeleton bites the gnoll but does no damage.
Your ball python skeleton closely misses the gnoll.
Unknown command.
A ball python comes into view.
Found an escape hatch in the ceiling.
It was a potion of invisibility.
You fade into invisibility!
The gnoll hits you with a +1 flail of protection!
You die...

# #.#..##...### #
#.#..#..... S. #
#.#..#.##### <#####
# #.#........#
.#...
#####.#..#.#.###
...# .†....##.#.#.#
..#
#####....#.#.####.#
# #.####.#......#
## #.# #.#.##.@##
.# #.# #.##..g##
### #.#
#.#..##.g..... ..#
#.. ....##


gg..... #...#.. ....# ZZ..... .... .... ....... >.. ....... .. ....... .......
You could see a gnoll (unable to see you) and a ball python (asleep, unable to
see you).

Vanquished Creatures
  A gnoll (D:1)
  An adder (D:2)
  2 ribbon worms (D:2)
  4 bats
  2 endoplasms (D:1)
  2 goblins (D:1)
  3 hobgoblins
  4 jackals (D:1)
  2 ball pythons (D:2)
  A kobold (D:1)
  3 rats
25 creatures vanquished.

Vanquished Creatures (collateral kills)
  A goblin (D:2)
1 creature vanquished.

Grand Total: 26 creatures vanquished

Notes
Turn   | Place    | Note
-------+----------+-------------------------------------------
     0 | D:1      | McSplat the Demonspawn Necromancer began the quest for the
                  | Orb.
     0 | D:1      | Reached XP level 1. HP: 13/13 MP: 3/3
   137 | D:1      | Gained mutation: You regenerate a little health from kills.
                  | [demonic ancestry]
   137 | D:1      | Reached XP level 2. HP: 19/19 MP: 3/5
   206 | D:1      | Learned a level 2 spell: Cigotuvi's Dreadful Rot
  1276 | D:1      | Reached XP level 3. HP: 24/24 MP: 4/6
  1280 | D:1      | Learned a level 3 spell: Vampiric Draining
  1790 | D:2      | Mangled by a gnoll

Illustrated notes

Levels and vault maps discovered:
D:1:      psy_arrival_terrarium, layout_basic, minmay_misc_feat_alley,
          minmay_hedge_maze
D:2:      layout_basic, dreamdust_ecumenical_altar_statues

Action                     || total
---------------------------++-------
  Melee: Spear             ||    20
         Short sword       ||     6
   Cast: Necrotise         ||    52
    Use: Potion            ||     3
 Armour: Robe              ||    23
  Dodge: Dodged            ||    20

Table legend: (Time is in decaauts)
 A = Elapsed time spent in this place.
 B = Non-inter-level travel time spent in this place.
 C = Inter-level travel time spent in this place.
 D = Time resting spent in this place.
 E = Time spent auto-exploring this place.
 F = Levels seen in this place.
 G = Mean time per level.
                   A        B        C        D        E       F      G
               +--------+--------+--------+--------+--------+-----+--------+
         Total |   1789 |   1772 |     17 |    190 |   1350 |   2 |  894.5 |
       Dungeon |   1789 |   1772 |     17 |    190 |   1350 |   2 |  894.5 |
               +--------+--------+--------+--------+--------+-----+--------+

Top non-repeatable levels by time:
     D:1: 1456 daAuts
     D:2: 333 daAuts
